 Dungeon Crawl Stone Soup version 0.24.1 (webtiles) character file.

Game seed: 10574381189087669548, levelgen mode: deterministic

254 H0rd4k the Charlatan (level 6, -13/44 HPs)
             Began as a Human Artificer on Mar 27, 2020.
             Mangled by an ogre
             ... wielding a +0 giant club
              (26 damage)
             ... on level 4 of the Dungeon.
             The game lasted 00:05:04 (3418 turns).

H0rd4k the Charlatan (Human Artificer)              Turns: 3418, Time: 00:05:06

Health: -13/44     AC:  5    Str: 13 (15) XL:     6   Next: 38%
Magic:  9/9        EV: 12    Int:  9      God:
Gold:   194        SH:  0    Dex: 10 (13) Spells: 5/5 levels left

rFire    . . .     SeeInvis .   j - +2 dagger (pain)
rCold    . . .     Gourm    .   (no shield)
rNeg     . . .     Faith    .   b - +0 leather armour
rPois    .         Spirit   .   (no helmet)
rElec    .         Reflect  .   (no cloak)
rCorr    .         Harm     .   (no gloves)
MR       .....                  (no boots)
Stlth    +.........             (no amulet)
HPRegen  0.14/turn              (no ring)
MPRegen  0.11/turn              (no ring)

@: no status effects
A: icy blue scales 1, deterioration 1, dopey 1
a: no special abilities


You were on level 4 of the Dungeon.
You were not hungry.

You visited 1 branch of the dungeon, and saw 4 of its levels.

You collected 194 gold pieces.

Inventory:

Hand Weapons
 a - a +0 short sword
 h - a +0 long sword
 j - a +2 dagger of pain (weapon)
Armour
 b - a +0 leather armour (worn)
Wands
 d - a wand of enslavement (7)
 e - a wand of random effects (5)
Scrolls
 i - 2 scrolls of remove curse
 l - a scroll of identify
 n - a scroll of fear {unknown}
 o - a scroll of blinking {unknown}
Potions
 c - a potion of lignification {unknown}
 k - a potion of berserk rage {unknown}
 m - a potion of resistance
Comestibles
 f - 4 rations
 g - a chunk of flesh


   Skills:
 + Level 2.0 Fighting
 + Level 2.7 Short Blades
 + Level 0.1(1.6) Long Blades
 + Level 2.4 Armour
 + Level 2.9 Dodging
 + Level 1.6 Stealth
 + Level 4.3 Evocations


You had 5 spell levels left.
You didn't know any spells.
Your spell library was empty.

Dungeon Overview and Level Annotations

Branches:
Dungeon (4/15)
 Temple: D:4-7

Altars:

Annotations:
D:2 exclusion: 2 downstairs
D:3 Grinder


Innate Abilities, Weirdness & Mutations

You are partially covered in icy blue scales. (AC +2)
Your body sometimes deteriorates upon taking damage.
You are dopey. (Int -2)


Message History

The gnoll hits you from afar with a cursed -2 spear.
You hit the ogre.
The ogre is severely wounded.
The gnoll hits you from afar with a cursed -2 spear.
The ogre closely misses you.
You hit the ogre.
The ogre is almost dead.
The gnoll hits you but does no damage.
You hit the ogre.
The ogre is almost dead.
The ogre hits you with a +0 giant club.
Your body deteriorates!
You feel clumsy.
You barely miss the ogre.
The ogre is almost dead.
The gnoll hits you from afar with a cursed -2 spear!
* * * LOW HITPOINT WARNING * * *
Your body deteriorates!
You feel weakened.
The ogre hits you with a +0 giant club!!
Ouch! That really hurt!
You die...

#.......# #..
#.......+ #..
####.......#####
##..##..............<
#....#............>..
#....#........†......
#....#....†..........
#....#.....####'##...
#...@O.....#.....# ..
+....#g....#.....# .
######.....#.....####
............#.........
.....g......#.........
............##########
..............
≈≈≈≈≈≈≈....≈≈≈≈
≈≈≈≈≈≈≈....≈≈≈≈ ≈


You could see an ogre and a gnoll.

Vanquished Creatures
  An orc wizard (D:2)
  Natasha (thrice) (D:2)
  An orc (D:3)
  2 adders
  An ooze (D:2)
  A worm (D:3)
  2 dart slugs
  2 leopard geckos (D:2)
  2 giant cockroaches
  7 goblins
  7 hobgoblins
  A jackal (D:4)
  5 kobolds
  2 quokkas (D:3)
  9 bats
  5 frilled lizards
  6 rats
57 creatures vanquished.

Vanquished Creatures (collateral kills)
  A hound (D:4)
  An orc priest (D:3)
  A worker ant (D:4)
  A leopard gecko (D:3)
  An orc (D:3)
  3 jackals (D:4)
8 creatures vanquished.

Vanquished Creatures (others)
  An orc priest (D:3)
  2 giant cockroaches (D:3)
  A frilled lizard (D:3)
4 creatures vanquished.

Grand Total: 69 creatures vanquished

Notes
Turn   | Place    | Note
-------+----------+-------------------------------------------
     0 | D:1      | H0rd4k the Human Artificer began the quest for the Orb.
     0 | D:1      | Reached XP level 1. HP: 15/15 MP: 3/3
   458 | D:1      | Reached XP level 2. HP: 19/21 MP: 4/4
   896 | D:1      | Reached XP level 3. HP: 26/26 MP: 5/5
  1152 | D:2      | Noticed Natasha
  1161 | D:2      | Killed Natasha
  1161 | D:2      | Reached skill level 1 in Armour
  1161 | D:2      | Reached XP level 4. HP: 13/32 MP: 6/6
  1238 | D:2      | Noticed Natasha
  1245 | D:2      | Killed Natasha
  1441 | D:2      | Found a faded altar of an unknown god.
  1579 | D:2      | Noticed Natasha
  1588 | D:2      | Killed Natasha
  1588 | D:2      | Reached XP level 5. HP: 4/37 MP: 7/7
  2163 | D:3      | Gained mutation: Your body sometimes deteriorates upon
                  | taking damage. [potion of mutation]
  2163 | D:3      | Gained mutation: You are dopey. (Int -2) [potion of
                  | mutation]
  2163 | D:3      | Gained mutation: You are partially covered in icy blue
                  | scales. (AC +2) [potion of mutation]
  2169 | D:3      | Reached skill level 4 in Evocations
  2787 | D:2      | Reached XP level 6. HP: 10/44 MP: 9/9
  3172 | D:3      | Noticed Grinder
  3377 | D:4      | Noticed an ogre
  3418 | D:4      | Mangled by an ogre

Levels and vault maps discovered:
D:1:      psy_arrival_fountain, layout_basic
D:2:      layout_loops_corners, chequers_ecumenical_altar_simple_redux,
          uniq_natasha
D:3:      layout_rooms, uniq_grinder
D:4:      lemuel_castle_with_subvaults [lemuel_castle_interior_original],
          layout_gridville, gammafunk_temple_overflow_wave, first_ration,
          uniq_blork_the_orc

Skill      XL: |  1  2  3  4  5  6 |
---------------+-------------------+-----
Armour         | 1 2 |  2.4
Short Blades   | 2 |  2.7
Evocations     | 4 |  4.3
Fighting       | 2 |  2.0
Long Blades    | |  0.1
Dodging        | |  2.9
Stealth        | |  1.6

Action                   |  1- 3 |  4- 6 || total
-------------------------+-------+-------++-------
Melee: Short sword       |   130 |   151 ||   281
       Dagger            |       |    19 ||    19
       Long sword        |       |    10 ||    10
Evoke: Wand              |     3 |    30 ||    33
  Use: Potion            |       |     3 ||     3
       Scroll            |       |     4 ||     4
 Stab: Sleeping          |     5 |     1 ||     6
       Confused          |       |     1 ||     1
  Eat: Chunk             |       |     8 ||     8
Armor: Leather armour    |    51 |    71 ||   122
Dodge: Dodged            |   114 |   156 ||   270
       Rpst.: Long sword |       |     1 ||     1
